 Seeded DCSS version 0.31-a0-210-gccc998df9b (webtiles) character file.

Game seed: 11342892107059164510 (custom seed)

901 innerfire43 the Trooper (level 7, -2/56 HPs)
             Began as a Demonspawn Monk on June 29, 2023.
             Was an Elder of Okawaru.
             Slain by Crazy Yiuf
             ... wielding a +3 quarterstaff of chaos
              (8 damage)
             ... on level 4 of the Dungeon.
             The game lasted 00:05:03 (2876 turns).

innerfire43 the Trooper (Demonspawn Monk)           Turns: 2876, Time: 00:05:03

Health: -2/56      AC: 10    Str: 13    XL:     7   Next: 80%
Magic:  7/7        EV: 14    Int: 11    God:    Okawaru [****..]
Gold:   87         SH:  0    Dex: 16    Spells: 6/6 levels left

rFire   . . .        l - +0 sling (elec)
rCold   . . .        d - orb {light}
rNeg    . . .        b - +1 robe
rPois   .            (no helmet)
rElec   .            (no cloak)
rCorr   .            (no gloves)
SInv    .            (no boots)
Will    .....        i - amulet of the acrobat
Stlth   +            h - +4 ring of protection
HPRegen 0.29/turn    (no ring)
MPRegen 0.10/turn

%: acrobat
@: confused, ambrosia-drunk, glowing
A: molten scales 2, weakness stinger 2
a: Renounce Religion, Heroism, Finesse


You were on level 4 of the Dungeon.
You worshipped Okawaru.
Okawaru was greatly pleased with you.
You visited 1 branch of the dungeon, and saw 4 of its levels.

You collected 166 gold pieces.
You spent 79 gold pieces at shops.

Inventory:

Hand Weapons
 a - a +0 hand axe of draining
 l - a +0 sling of electrocution (weapon)
Armour
 b - a +1 robe (worn)
 d - an orb of light (worn)
Jewellery
 h - a +4 ring of protection (left hand)
 i - an amulet of the acrobat (around neck)
Scrolls
 g - 3 scrolls of noise
 m - a scroll of teleportation
 n - 2 scrolls of blinking
Potions
 e - a potion of degeneration {unknown}
 j - 2 potions of lignification
 k - 4 potions of curing {unknown}


   Skills:
 + Level 5.4 Fighting
 + Level 4.7 Axes
 * Level 3.9 Ranged Weapons
 + Level 4.7 Dodging


You had 6 spell levels left.
You didn't know any spells.
Your spell library contained the following spells:

 Spells                   Type           Power      Damage    Failure   Level
 Magic Dart               Conj           0%         1d3       34%         1
 Mephitic Cloud           Conj/Pois/Air  0%         N/A       71%         3
 Call Imp                 Summ           Unusable   N/A       N/A         2

Dungeon Overview and Level Annotations

Branches:
Dungeon (4/15)
 Temple: D:4-7

Altars:
Cheibriados
Fedhas
Kikubaaqudgha
Okawaru
Ru

Shops:
D:3 :(:*[   D:4 ?

Annotations:
D:4 3 runed translucent doors, Crazy Yiuf; ragingrage's ghost, amateur FoAr


Innate Abilities, Weirdness & Mutations

You are mostly covered in molten scales. (AC +3)
You have a tail ending in a sharp stinger.


Message History

Look: Crazy Yiuf, wielding a +3 quarterstaff of chaos and wearing a +0 cloak of poison resistance (lightly wounded, haloed)
You shoot a sling bullet.
You feel sick.
Crazy Yiuf grits, "Papa!"
Crazy Yiuf hits you with a +3 quarterstaff of chaos!
* * * LOW HITPOINT WARNING * * *
Crazy Yiuf burns you.
* * * LOW HITPOINT WARNING * * *
Crazy Yiuf hits you but does no damage.
Non-targeted confused fire: l) +0 sling (elec)
Press: ? - help, Q - select action, (/) - cycle Dir - look around, f - activate Look: Crazy Yiuf, wielding a +3 quarterstaff of chaos and wearing a +0 cloak of poison resistance (lightly wounded, haloed)
You shoot a sling bullet.
You feel sick.
Crazy Yiuf says, "Liver light unthinkable!"
Crazy Yiuf hits you with a +3 quarterstaff of chaos!
* * * LOW HITPOINT WARNING * * *
Crazy Yiuf burns you.
* * * LOW HITPOINT WARNING * * *
Non-targeted confused fire: l) +0 sling (elec)
Press: ? - help, Q - select action, (/) - cycle Dir - look around, f - activate Look: Crazy Yiuf, wielding a +3 quarterstaff of chaos and wearing a +0 cloak of poison resistance (lightly wounded, haloed)
You shoot a sling bullet. The sling bullet hits Crazy Yiuf.
Crazy Yiuf is moderately wounded.
You feel sick. Crazy Yiuf closely misses you.
Non-targeted confused fire: l) +0 sling (elec)
Press: ? - help, Q - select action, (/) - cycle Dir - look around, f - activate Look: Crazy Yiuf, wielding a +3 quarterstaff of chaos and wearing a +0 cloak of poison resistance (moderately wounded, haloed)
You shoot a sling bullet.
You feel sick.
Crazy Yiuf hits you with a +3 quarterstaff of chaos!
* * * LOW HITPOINT WARNING * * *
Crazy Yiuf burns you.
* * * LOW HITPOINT WARNING * * *
You bump into the tree.
You feel sick.
You are no longer poisoned.
Crazy Yiuf hits you with a +3 quarterstaff of chaos.
* * * LOW HITPOINT WARNING * * *
You convulse!
You die...

##############.#
####.#.)).
#..............#
#....#..##
#.############.#
#.......#. #.#
### #.........
#.# #........#
##.##♣♣♣♣♣
#........#
#..#.))♣)♣♣♣ ###
#........#
#......)♣))♣#)))#
#........#
#...)..♣♣♣♣@g)).#
#....###.#
##.#).♣♣ ♣♣#)))#
#....# #.# ####♣♣
### #.#### #.#
#.# ##.# #.# #...
#.# #... #.# #...
#.# #### #.#


You could see Crazy Yiuf.

Vanquished Creatures
  An oklob plant (D:3)
  Duvessa (D:4)
  Dowan (D:4)
  A jelly (D:4)
  An orc priest (D:4)
  A gnoll bouda (D:2)
  Natasha (twice) (D:3)
  2 iguanas
  4 gnolls (D:2)
  4 adders
  2 worms (D:2)
  4 dart slugs
  8 orcs (D:4)
  6 bats
  4 endoplasms
  3 giant cockroaches
  8 goblins
  8 hobgoblins
  6 jackals (D:1)
  4 quokkas
  5 ball pythons
  2 frilled lizards
  5 kobolds
  3 rats
86 creatures vanquished.

Notes
Turn   | Place    | Note
-------+----------+-------------------------------------------
     0 | D:1      | innerfire43 the Demonspawn Monk began the quest for the
                  | Orb.
     0 | D:1      | Reached XP level 1. HP: 18/18 MP: 1/1
    58 | D:1      | Gained mutation: You are partially covered in molten
                  | scales. (AC +2) [demonic ancestry]
    58 | D:1      | Reached XP level 2. HP: 17/24 MP: 2/2
   489 | D:1      | Gained mutation: You have a small tail. [demonic ancestry]
   489 | D:1      | Reached XP level 3. HP: 29/29 MP: 3/3
   978 | D:2      | Gained mutation: You are mostly covered in molten scales.
                  | (AC +3) [demonic ancestry]
   978 | D:2      | Reached XP level 4. HP: 37/37 MP: 4/4
  1010 | D:2      | Reached skill level 4 in Fighting
  1123 | D:2      | Found a faded altar of an unknown god.
  1160 | D:2      | Reached XP level 5. HP: 42/42 MP: 5/5
  1162 | D:2      | Prayed at the altar of an unknown god.
  1162 | D:2      | Became a worshipper of Warmaster Okawaru
  1162 | D:2      | Reached * piety under Okawaru
  1162 | D:2      | Reached ** piety under Okawaru
  1451 | D:3      | Found a transporter.
  1458 | D:3      | Found Neikk's Weapon Emporium.
  1473 | D:3      | Bought a +0 sling of electrocution for 79 gold pieces
  1502 | D:3      | Found Xuig's Antique Armour Boutique.
  1617 | D:3      | Noticed Natasha
  1624 | D:3      | Killed Natasha
  1625 | D:3      | Reached skill level 1 in Ranged Weapons
  1657 | D:3      | Found Kaschoimu's Book Shop.
  1661 | D:3      | Found a sacrificial altar of Ru.
  1662 | D:3      | Found an ancient bone altar of Kikubaaqudgha.
  1686 | D:3      | Found Aqautwex's Assorted Antiques.
  1764 | D:3      | Found a transporter.
  1769 | D:3      | Found Anyrchihu's Book Boutique.
  1949 | D:3      | Found a blossoming altar of Fedhas.
  1961 | D:3      | Noticed Natasha
  1962 | D:3      | Killed Natasha
  1965 | D:3      | Noticed an oklob plant
  2003 | D:3      | Killed an oklob plant
  2003 | D:3      | Reached *** piety under Okawaru
  2003 | D:3      | Reached **** piety under Okawaru
  2004 | D:3      | Reached skill level 5 in Fighting
  2004 | D:3      | Gained mutation: You have a tail ending in a sharp stinger.
                  | [demonic ancestry]
  2004 | D:3      | Reached XP level 6. HP: 30/51 MP: 6/6
  2004 | D:3      | Reached XP level 7. HP: 33/56 MP: 7/7
  2333 | D:4      | Noticed Duvessa
  2333 | D:4      | Noticed Dowan
  2341 | D:4      | Killed Duvessa
  2352 | D:4      | Killed Dowan
  2505 | D:4      | Found Loip Tobesa's Magic Scroll Shoppe.
  2577 | D:4      | Noticed ragingrage's ghost (amateur FoAr)
  2587 | D:4      | Found a runed translucent gate.
  2587 | D:4      | Found a runed translucent gate.
  2587 | D:4      | Found a runed translucent gate.
  2623 | D:4      | Found a snail-covered altar of Cheibriados.
  2859 | D:4      | Found a runed translucent door.
  2860 | D:4      | Noticed Crazy Yiuf
  2876 | D:4      | Slain by Crazy Yiuf

Illustrated notes

Levels and vault maps discovered:
D:1:      ldierk_walled_garden, layout_basic
D:2:      layout_basic, ebering_ecumenical_altar_hall
D:3:      layout_loops_cross, tgw_fedhas,
          chequers_temple_overflow_statue_of_worship, serial_shops,
          nicolae_shop_tiny_waterfront, nicolae_shop_bloodbath_and_beyond,
          nicolae_shop_overgrown_old_shop, shop, nicolae_shop_drivethru,
          uniq_natasha
D:4:      layout_loops_ring, nicolae_ashenzari_skybound,
          mainiacjoe_overflow_chevrons, gammafunk_ghost_split, serial_shops,
          nicolae_shop_back_alley_shop, uniq_crazy_yiuf_cottage, uniq_duvessa

Skill      XL: |  1  2  3  4  5 |
---------------+----------------+-----
Dodging        | 3 4 |  4.7
Axes           | 3 4 |  4.7
Fighting       | 4 5 |  5.4
Ranged Weapons | 3 |  3.9

Action                     |  1- 3 |  4- 6 |  7- 9 || total
---------------------------+-------+-------+-------++-------
  Melee: Hand axe          |    90 |    30 |       ||   120
         Tailslap          |     8 |     4 |       ||    12
   Fire: Sling             |       |    64 |    68 ||   132
    Use: Scroll            |     4 |     6 |     1 ||    11
         Potion            |       |       |     1 ||     1
 Armour: Robe              |    24 |     6 |    12 ||    42
  Dodge: Dodged            |    63 |    40 |    18 ||   121

Table legend: (Time is in decaauts)
 A = Elapsed time spent in this place.
 B = Non-inter-level travel time spent in this place.
 C = Inter-level travel time spent in this place.
 D = Time resting spent in this place.
 E = Time spent auto-exploring this place.
 F = Levels seen in this place.
 G = Mean time per level.
                   A        B        C        D        E       F      G
               +--------+--------+--------+--------+--------+-----+--------+
         Total |   2928 |   2870 |     58 |      0 |   2239 |   4 |  732.0 |
       Dungeon |   2928 |   2870 |     58 |      0 |   2239 |   4 |  732.0 |
               +--------+--------+--------+--------+--------+-----+--------+

Top non-repeatable levels by time:
     D:3: 895 daAuts
     D:1: 834 daAuts
     D:2: 617 daAuts
     D:4: 581 daAuts
